 Dungeon Crawl Stone Soup version 0.20.1-1-g8b1a95d (webtiles) character file.

0 BakaWarrior999 the Skirmisher (level 1, -10/19 HPs)
             Began as a Minotaur Abyssal Knight on July 12, 2017.
             Was a Follower of Lugonu.
             Shot with an arrow by a deep elf archer (29 damage)
             ... summoned by a worldbinder
             ... on level 1 of the Abyss.
             The game lasted 00:01:20 (62 turns).

BakaWarrior999 the Skirmisher (MiAK)                  Turns: 62, Time: 00:01:20

Health: -10/19     AC:  3    Str: 16    XL:     1   Next: 0%
Magic:  1/1        EV: 11    Int:  9    God:    Lugonu [*.....]
Gold:   0          SH:  0    Dex:  9    Spells: 0/0 levels left

rFire    . . .     SeeInvis .   a - +1 hand axe
rCold    . . .     Gourm    .   (no shield)
rNeg     . . .     Faith    .   b - +0 leather armour
rPois    .         Spirit   .   (helmet restricted)
rElec    .         Reflect  .   (no cloak)
rCorr    .         Harm     .   (no gloves)
MR       .....                  (no boots)
Stlth    +.........             (no amulet)
Regen    0.1/turn               (no ring)
MPRegen  0.1/turn               (no ring)

@: no status effects
A: retaliatory headbutt, horns 2
a: Depart the Abyss, Renounce Religion


You were on level 1 of the Abyss.
You worshipped Lugonu.
Lugonu was aware of your devotion.
You were not hungry.

You visited 0 branches of the dungeon, and saw 0 of its levels.
You visited the Abyss 1 time.

Inventory:

Hand Weapons
 a - a +1 hand axe (weapon)
Armour
 b - a +0 leather armour (worn)
Comestibles
 c - a bread ration


   Skills:
 + Level 3.6 Fighting
 + Level 2.4 Axes
 + Level 2.4 Armour
 + Level 1.1 Dodging
 + Level 1.7 Invocations


You couldn't memorise any spells.
You didn't know any spells.

Dungeon Overview and Level Annotations

Branches:
Dungeon (0/15)

Altars:


Innate Abilities, Weirdness & Mutations

You reflexively headbutt those who attack you in melee.
You have a pair of horns on your head.


Message History

Found three altars.
Found four altars.
There is a glowing golden altar of the Shining One here.
Found three altars.
There is a bloodstained altar of Trog here.
There is a glowing golden altar of the Shining One here.
There is a deep blue altar of Sif Muna here.
There is an open door here.
A worldbinder comes into view.
That item cannot be evoked!
Press: ? - help, v - describe, . - travel The floor.
Press: ? - help, v - describe, . - travel A crystal wall.
The worldbinder calls forth creatures from the Elven Halls!
The deep elf archer unwields an uncursed short sword.
The deep elf archer wields an uncursed shortbow.
The deep elf archer shoots an arrow.
The arrow hits you!!
Ouch! That really hurt!
You die...

..#.#.....' _.
._..._. ._. . .#
...8.#..._..
...._... .
##....#._..._..._..
_. #
#.#..8.#..._....
.._. . .
#..#################
.. #.......ex..
#.#.....#e#
#≈.#......# #..
.#@....#.#
#....#...#.?...#
#.##.###.# ##..# ♣.
≈ .##.# .# ≈ ≈≈ .#
#. .# . .≈ ## ≈# ##


You could see a deep elf archer, a deep elf mage and a worldbinder.

Vanquished Creatures (others)
  A plant (Abyss:1)
1 creature vanquished.

Notes
Turn   | Place    | Note
-------+----------+-------------------------------------------
     0 | Abyss:1  | BakaWarrior999 the Minotaur Abyssal Knight began the quest for the Orb.
     0 | Abyss:1  | Reached XP level 1. HP: 19/19 MP: 1/1
    28 | Abyss:1  | Found a deep blue altar of Sif Muna.
    28 | Abyss:1  | Found a glowing golden altar of the Shining One.
    28 | Abyss:1  | Found a white marble altar of Elyvilon.
    28 | Abyss:1  | Found a shadowy altar of Dithmenos.
    28 | Abyss:1  | Found a hide-covered altar of Uskayaw.
    28 | Abyss:1  | Found a hazy altar of Hepliaklqana.
    28 | Abyss:1  | Found a blossoming altar of Fedhas.
    28 | Abyss:1  | Found a stormy altar of Qazlal.
    28 | Abyss:1  | Found a shattered altar of Ashenzari.
    28 | Abyss:1  | Found a burning altar of Makhleb.
    32 | Abyss:1  | Found a bloodstained altar of Trog.
    32 | Abyss:1  | Found a shimmering altar of Xom.
    32 | Abyss:1  | Found an opulent altar of Gozag.
    34 | Abyss:1  | Found a radiant altar of Vehumet.
    34 | Abyss:1  | Found a basalt altar of Yredelemnul.
    34 | Abyss:1  | Found an ancient bone altar of Kikubaaqudgha.
    34 | Abyss:1  | Found a glowing silver altar of Zin.
    36 | Abyss:1  | Found a sparkling altar of Nemelex Xobeh.
    36 | Abyss:1  | Found a glowing silver altar of Zin.
    36 | Abyss:1  | Found a snail-covered altar of Cheibriados.
    60 | Abyss:1  | Noticed a worldbinder
    62 | Abyss:1  | Noticed a deep elf mage
    62 | Abyss:1  | Noticed a deep elf archer
    62 | Abyss:1  | Shot with an arrow by a deep elf archer
